 Dungeon Sprint DCSS version 0.21-a0-297-ga3d34c2 (webtiles) character file.

19 potatolord6000 the Insei (level 2, 0/36 HPs)
             Began as a Gnoll Transmuter on Sept 28, 2017.
             Was a Follower of Sif Muna.
             Slain by a river rat (8 damage)
             ... in the Dungeon (Sprint VII: "The Pits").
             The game lasted 00:01:08 (265 turns).

potatolord6000 the Insei (Gnoll Transmuter)          Turns: 265, Time: 00:01:09

Health: 0/36       AC:  2    Str: 17    XL:     2   Next: 75%
Magic:  8/8        EV: 15    Int: 15    God:    Sif Muna [*.....]
Gold:   0          SH:  0    Dex: 15    Spells: 10/11 levels left

rFire    . . .     SeeInvis .   q - staff of energy
rCold    . . .     Gourm    .   (no shield)
rNeg     . . .     Faith    .   b - +0 robe
rPois    .         Spirit   .   (no helmet)
rElec    .         Reflect  .   (no cloak)
rCorr    .         Harm     .   (no gloves)
MR       .....     NoTele   +   (no boots)
Stlth    ..........             (no amulet)
HPRegen  0.12/turn              (no ring)
MPRegen  0.11/turn              (no ring)

@: berserking, appendage, very quick
A: distributed training, fangs 1, horns 2, strong nose
a: End Transformation, Divine Energy, Renounce Religion


You were in the Dungeon.
You worshipped Sif Muna.
Sif Muna was aware of your devotion.
You were not hungry.
You had grown temporary horns.
You visited 1 branch

Inventory:

Missiles
 a - 12 arrows
Armour
 b - a +0 robe (worn)
Magical Staves
 q - an uncursed staff of energy (weapon)
Scrolls
 j - a scroll of blinking
 l - 3 scrolls of remove curse
 m - 5 scrolls of amnesia
 n - a scroll of summoning
Potions
 f - a potion of heal wounds
 g - a potion of haste
 h - 4 potions of magic
 i - 2 potions of berserk rage
 k - 2 potions of invisibility
Books
 c - a book of Changes

   Spells                             Type                      Level
   a - Beastly Appendage              Transmutation                1
   b - Sticks to Snakes               Transmutation                2
   c - Spider Form                    Transmutation/Poison         3
   d - Ice Form                       Ice/Transmutation            4
   e - Blade Hands                    Transmutation                5
Comestibles
 d - 8 bread rations
 o - 40 fruits
 p - 7 meat rations


   Skills:
 + Level 3.3 Fighting
 + Level 1.7 Short Blades
 + Level 0.8 Long Blades
 + Level 1.7 Axes
 + Level 0.8 Maces & Flails
 + Level 1.3 Polearms
 + Level 0.0 Staves
 + Level 0.8 Slings
 + Level 2.3 Bows
 + Level 1.3 Crossbows
 + Level 2.0 Throwing
 + Level 1.7 Armour
 + Level 4.9 Dodging
 + Level 1.7 Stealth
   Level 0.0 Stabbing
 + Level 1.3 Shields
   Level 0.0 Traps
 + Level 6.7 Unarmed Combat
 + Level 5.4 Spellcasting
 + Level 2.0 Conjurations
 + Level 2.8 Hexes
 + Level 0.8 Charms
 + Level 1.3 Summonings
 + Level 0.0 Necromancy
 + Level 2.0 Translocations
 + Level 4.5 Transmutations
 + Level 0.0 Fire Magic
 + Level 1.3 Ice Magic
 + Level 0.8 Air Magic
 + Level 0.8 Earth Magic
 + Level 2.6 Poison Magic
 + Level 0.0 Invocations
 + Level 0.8 Evocations


You had 10 spell levels left.
You knew the following spells:

 Your Spells              Type           Power        Failure   Level  Hunger
a - Beastly Appendage     Tmut           ###...       2%          1    None


Dungeon Overview and Level Annotations

Branches:
Dungeon (1/1)

Altars:
Ashenzari
Cheibriados
Dithmenos
Elyvilon
Fedhas
Gozag
Hepliaklqana
Kikubaaqudgha
Makhleb
Nemelex Xobeh
Okawaru
Qazlal
Ru
Sif Muna
Trog
Uskayaw
Vehumet
Wu Jian
Xom
Yredelemnul
Zin
The Shining One
Beogh
Jiyva
Lugonu


Innate Abilities, Weirdness & Mutations

Your experience applies equally to all skills.
You have very sharp teeth.
Your uncanny sense of smell can sniff out nearby items.
You have a pair of horns on your head.


Message History

The river rat bites you.
Unknown command.
You barely miss the river rat.
The river rat is lightly wounded.
The river rat closely misses you.
Unknown command.
Casting: Beastly Appendage
Confirm with . or Enter, or press ? or * to list all spells.
Okay, then.
A red film seems to cover your vision as you go berserk!
You feel yourself moving faster!
You feel mighty! The river rat bites you.
You closely miss the river rat.
The river rat is lightly wounded.
The river rat bites you.
* * * LOW HITPOINT WARNING * * *
Unknown command.
You closely miss the river rat.
The river rat is lightly wounded.
The river rat bites you!
You die...

_______...##########
##########'##........
#.?(.')))'.##......#.
##########.##........
#...........'........
#+#####'#####......#.
#...#.#∆∆ #........
#..†#.#∆∆ ####'####
#.@†'.#∆∆ #.......#
##r####∆∆ #.......#


.gZ ∆∆ #.......# #.... #...<...# #..... #.......# #...... #.......# ########
#.......# ######### You could see a river rat, a hobgoblin and an adder
skeleton.

Vanquished Creatures
  An adder (D)
  An ufetubus (D)
  A giant cockroach (D)
  2 jackals (D)
  A bat (D)
6 creatures vanquished.

Notes
Turn   | Place    | Note
-------+----------+-------------------------------------------
     0 | D        | potatolord6000 the Gnoll Transmuter began the quest for the Orb.
     0 | D        | Reached XP level 1. HP: 17/17 MP: 6/6
    16 | D        | Reached skill level 1 in Short Blades
    16 | D        | Reached skill level 1 in Axes
    16 | D        | Reached skill level 5 in Spellcasting
    16 | D        | Reached skill level 1 in Conjurations
    16 | D        | Reached skill level 1 in Hexes
    16 | D        | Reached skill level 1 in Summonings
    16 | D        | Reached skill level 1 in Translocations
    60 | D        | Found a bloodstained altar of Trog.
    60 | D        | Found a deep blue altar of Sif Muna.
    60 | D        | Found a viscous altar of Jiyva.
    60 | D        | Found a hazy altar of Hepliaklqana.
    60 | D        | Found an opulent altar of Gozag.
    61 | D        | Found a glowing golden altar of the Shining One.
    61 | D        | Found a glowing silver altar of Zin.
    61 | D        | Found a basalt altar of Yredelemnul.
    61 | D        | Found a shimmering altar of Xom.
    61 | D        | Found an ornate altar of the Wu Jian Council.
    61 | D        | Found a sacrificial altar of Ru.
    61 | D        | Found a stormy altar of Qazlal.
    61 | D        | Found an iron altar of Okawaru.
    61 | D        | Found a sparkling altar of Nemelex Xobeh.
    61 | D        | Found a burning altar of Makhleb.
    61 | D        | Found a blossoming altar of Fedhas.
    61 | D        | Found a white marble altar of Elyvilon.
    61 | D        | Found a shadowy altar of Dithmenos.
    61 | D        | Found a snail-covered altar of Cheibriados.
    63 | D        | Found a radiant altar of Vehumet.
    63 | D        | Found a corrupted altar of Lugonu.
    63 | D        | Found a roughly hewn altar of Beogh.
    65 | D        | Found an ancient bone altar of Kikubaaqudgha.
    65 | D        | Found a hide-covered altar of Uskayaw.
    65 | D        | Found a shattered altar of Ashenzari.
    66 | D        | Became a worshipper of Sif Muna the Loreminder
   144 | D        | Reached skill level 1 in Polearms
   149 | D        | Reached skill level 1 in Ice Magic
   149 | D        | Reached XP level 2. HP: 20/23 MP: 8/8
   188 | D        | Reached skill level 1 in Crossbows
   188 | D        | Reached skill level 1 in Armour
   188 | D        | Reached skill level 1 in Stealth
   188 | D        | Reached skill level 1 in Shields
   190 | D        | Reached * piety under Sif Muna
   265 | D        | Slain by a river rat

Vault maps used:
D:        pitsprint

Skill      XL: |  1  2 |
---------------+-------+-----
Short Blades   | 1 |  1.7
Axes           | 1 |  1.7
Bows           | 2 |  2.3
Spellcasting   | 5 |  5.4
Conjurations   | 2 |  2.0
Hexes          | 1 2 |  2.8
Summonings     | 1 |  1.3
Translocations | 1 2 |  2.0
Poison Magic   | 2 |  2.6
Polearms       | 1 |  1.3
Ice Magic      | 1 |  1.3
Fighting       | 3 |  3.3
Crossbows      | 1 |  1.3
Throwing       | 2 |  2.0
Armour         | 1 |  1.7
Stealth        | 1 |  1.7
Shields        | 1 |  1.3
Long Blades    | |  0.8
Maces & Flails | |  0.8
Slings         | |  0.8
Dodging        | |  4.9
Unarmed Combat | |  6.7
Charms         | |  0.8
Transmutations | |  4.5
Air Magic      | |  0.8
Earth Magic    | |  0.8
Evocations     | |  0.8

Action                   || total
-------------------------++-------
Melee: Staff             ||    34
       Unarmed           ||     2
       Bite              ||     4
       Kick              ||     1
       Headbutt          ||     1
       Punch             ||     1
 Cast: Beastly Appendage ||     3
  Use: Potion            ||     2
Armor: Robe              ||     5
Dodge: Dodged            ||    40

Table legend:
 A = Spawn XP
 B = Non-spawn XP
 C = Spawn XP percentage of total XP
 D = Spawn monster count
 E = Non-spawn monster count
 F = Spawn count percentage of total count
 G = Total turns spent on level
                    A         B        C        D         E        F      G
               +---------+---------+-------+---------+---------+-------+---------
         Total |       0 |      28 |   0.0 |       0 |       6 |   0.0 |   265
               +---------+---------+-------+---------+---------+-------+---------
             D |       0 |      28 |   0.0 |       0 |       6 |   0.0 |   265
               +---------+---------+-------+---------+---------+-------+---------
